[Event "American Cup Open Champions 2024"]
[Site "Saint Louis"]
[Date "2024.03.12"]
[Round "1.1"]
[White "Caruana, Fabiano"]
[Black "Oparin, Grigoriy"]
[Result "1-0"]
[ECO "D37"]
[WhiteElo "2804"]
[BlackElo "2671"]
[PlyCount "95"]
[EventDate "2024.03.11"]
[EventType "k.o."]
[EventCountry "USA"]
[TimeControl "5400+30"]

1. d4 d5 2. c4 e6 3. Nc3 a6 4. cxd5 exd5 5. Nf3 Nf6 6. Bg5 {[%emt 0:01:38] D37: Queen's Gambit Declined: 5 Bf4.} Be6 7. e3 Nbd7 8. h3 Bd6 9. Bd3 c6 10. Bf4 Qc7 11. Bxd6 Qxd6 12. O-O O-O 13. a4 $5 {[%mdl 4] An interesting side line.} a5 14. Qb3 g6 $146 ({Predecessor:} 14... Qb4 15. Qc2 h6 16. Ne5 Nxe5 17. dxe5 Nd7 18. f4 d4 19. exd4 Qxd4+ 20. Kh1 Nc5 {½-½ Injac,T (2389)-Radeva,V (2289) EU-ch (Women) 22nd 2022 (5)}) 15. Ng5 (15. Qxb7 $2 Rfb8 $19) 15... Rfe8 16. Rae1 (16. Qxb7 $2 Reb8 $19) 16... Nf8 17. Qc2 (17. Qxb7 $2 Reb8 $19) 17... Nh5 18. f4 f6 19. Nxe6 Rxe6 (19... Nxe6 $11 {keeps the balance.} 20. f5 gxf5) 20. f5 $16 gxf5 21. Rxf5 Ng7 22. Rf3 Rae8 23. Qf2 Ng6 24. g4 Nh8 25. h4 Nf7 26. g5 f5 {[#]} 27. Ne2 $1 (27. Bxf5 $6 Nxf5 28. Rxf5 Qd7 $14) 27... Qd7 28. Nf4 $1 (28. Bxf5 $2 Nxf5 29. Rxf5 Rxe3 $19) 28... R6e7 {[%emt 0:00:08] [#]} 29. g6 $1 hxg6 (29... Nd6 $16 {might work better.}) 30. Nxg6 Re6 31. Qg2 (31. Bxf5 $2 Nxf5 32. Qg2 Kh7 $19 (32... Rxe3 $2 33. Rexe3 Nxe3 34. Rxe3 $18) (32... Nxe3 $2 33. Rfxe3 Rxe3 34. Rxe3 $18)) 31... Nd6 (31... Nh6 $16 32. Ne5 Rxe5 33. dxe5 Rxe5) 32. Ne5 $18 Qe7 33. Bxf5 Ndxf5 $2 (33... Rf6) 34. Rxf5 $18 Qxh4 35. Ref1 Qe4 36. Qg5 ({Weaker is} 36. Qxe4 dxe4 37. Rg5 Rf8 $18) 36... Rh6 37. Qxh6 Nxf5 38. Qg5+ Ng7 39. Ng4 Re6 40. Nf6+ Rxf6 41. Rxf6 Qb1+ 42. Rf1 Qxb2 43. Qe7 Qe2 (43... Kh7 $142 44. Kh1 Qe2) 44. Rf8+ $18 ({And not} 44. Qxb7 Qxe3+ 45. Rf2 Qg5+ 46. Kf1 Qc1+ 47. Kg2 Qg5+ 48. Kf3 Qf5+ 49. Ke3 Qe4+ 50. Kd2 Qxd4+ 51. Ke1 Qe3+ 52. Re2 Qc1+ 53. Kf2 Qf4+ 54. Ke1 Qc1+ 55. Kf2 Qf4+ 56. Kg1 Qg3+ 57. Kf1 Qh3+ 58. Ke1 Qh4+ 59. Rf2 Qe4+ 60. Re2 Qh4+ 61. Rf2 Qe4+ 62. Re2 Qh4+ $11) 44... Kh7 45. Qh4+ ({Stronger than} 45. Qxb7 Qxe3+ 46. Rf2 Qc1+ 47. Kg2 Qg5+ 48. Kf1 Qc1+ 49. Kg2 Qg5+ 50. Kf3 Qf5+ 51. Ke3 Qe4+ 52. Kd2 Qxd4+ 53. Ke1 Qe4+ 54. Kd1 Qd4+ 55. Rd2 Qxa4+ 56. Rc2 Kg8 $11) 45... Nh5 46. Rf2 Qd1+ 47. Kh2 Kg6 48. Qh3 1-0

[Event "American Cup Open Champions 2024"]
[Site "Saint Louis"]
[Date "2024.03.12"]
[Round "1.1"]
[White "So, Wesley"]
[Black "Shankland, Sam"]
[Result "1/2-1/2"]
[ECO "A65"]
[WhiteElo "2757"]
[BlackElo "2674"]
[Annotator "TA"]
[PlyCount "86"]
[EventDate "2024.03.11"]
[EventType "k.o."]
[EventCountry "USA"]
[SourceTitle "playchess.com"]
[Source "ChessBase"]
[SourceQuality "1"]
[TimeControl "5400+30"]

1. d4 Nf6 2. c4 g6 3. f3 c5 4. d5 d6 5. e4 e6 6. Ne2 Bg7 7. Nbc3 exd5 8. cxd5 O-O 9. Ng3 a6 10. a4 Nbd7 11. Be2 Rb8 12. Bg5 h6 13. Bf4 Ne5 14. Qd2 h5 15. O-O Nh7 {[%emt 0:08:15] Wards off Bg5} 16. Bh6 h4 17. Nh1 f5 18. Bxg7 Kxg7 19. f4 Nf7 20. Nf2 Nf6 21. Bd3 Re8 22. Rae1 Bd7 23. exf5 {[%emt 0:04:53] [#] Strongly threatening Rxe8.} gxf5 24. Rxe8 Nxe8 25. Nh3 Qf6 26. Kh1 Nc7 27. Ng5 Re8 28. Nf3 $1 b5 29. axb5 axb5 30. Bb1 Nh8 31. g3 hxg3 32. hxg3 b4 33. Nd1 Ng6 (33... Nf7 $5) 34. Kg2 {[%emt 0:04:47] The position is equal.} Bc8 35. Bd3 Nxd5 {[%emt 0:05:21] Threatening ...Bb7.} 36. Bb5 Ndxf4+ $1 37. gxf4 Re4 {[%emt 0:00:05][%cal Oc8b7] [#] aiming for ...Bb7!} 38. Kf2 Rxf4 {[%emt 0:01:37] Hoping for ...Bb7.} 39. Rg1 Qh4+ 40. Ke2 Qe7+ 41. Kf2 {[%emt 0:01:19] Chess con chili.} Qh4+ 42. Ke2 Qe7+ 43. Kf2 Qh4+ {[%emt 0:02:38] Weighted Error Value: White=0.04 (flawless) /Black=0.04 (flawless) .  Inaccurate:     	White=3     	Black=3      OK:         	White=13    	Black=15     Best:        	White=3     	---        Strong:       	White=1     	Black=1} 1/2-1/2

[Event "American Cup Open Champions 2024"]
[Site "Saint Louis"]
[Date "2024.03.12"]
[Round "1.1"]
[White "Dominguez Perez, Leinier"]
[Black "Robson, Ray"]
[Result "1-0"]
[ECO "B90"]
[WhiteElo "2749"]
[BlackElo "2696"]
[PlyCount "93"]
[EventDate "2024.03.11"]
[EventType "k.o."]
[EventCountry "USA"]
[TimeControl "5400+30"]

1. e4 c5 2. Nf3 d6 3. d4 cxd4 4. Nxd4 Nf6 5. Nc3 a6 6. Be3 Ng4 7. Bc1 Nf6 8. f3 e5 9. Nb3 Be6 10. Be3 Be7 11. Qd2 h5 12. Nd5 Nxd5 13. exd5 Bf5 14. Be2 Bh4+ 15. g3 Be7 {[%emt 0:00:08] The position is equal.} 16. Rg1 Nd7 17. O-O-O Rc8 18. Bd3 Bxd3 19. Qxd3 O-O 20. g4 hxg4 21. h3 g3 22. Rxg3 f5 $1 {[%emt 0:00:54] Hoping for ...f4.} 23. Rdg1 Rf7 24. Bg5 e4 25. fxe4 (25. Qe3 $1 $14) 25... Ne5 $1 $11 26. Qe2 {[%emt 0:07:16] Threatens to win with Nd4.} Bxg5+ $1 27. Rxg5 f4 $1 {[%emt 0:00:46] aiming for ...f3.} 28. Rf5 Qb6 {[%emt 0:10:31][%mdl 1024] Black has compensation.} 29. Rd1 f3 30. Qd2 Rfc7 (30... Rxf5 31. exf5 Qb5 32. f6 $11) (30... Nc4 $15 31. Qd4 Qc7) 31. c3 $1 $36 {[%emt 0:05:17][%mdl 2048] White is pushing.} (31. Nd4 $2 Nc4 32. Qc3 Ne3 $19) 31... Rc4 32. Nd4 Ra4 {[%emt 0:00:12] [#] Black cannot hold the game after this.} (32... Qb4 $1 $11 33. Kc2 (33. Nxf3 $2 Rxc3+ 34. bxc3 Rxc3+ $19) 33... Rxd4 (33... g6 $2 34. Rf6 $18) 34. Qxd4 Rc4) 33. a3 $1 $18 (33. Nxf3 $2 Nc4 34. a3 Nxd2 $19) 33... Nc4 $2 (33... Rac4 {keeps fighting.} 34. h4 (34. Nxf3 Rxc3+ 35. bxc3 Qb3 $11) 34... R4c5) 34. Qc2 {[%emt 0:00:43][%cal Of5f3] Black must now prevent Rxf3!} Rxa3 35. bxa3 Ne3 36. Qd3 Qa5 37. Qxe3 Rxc3+ {[%emt 0:00:05] [#]} 38. Qxc3 $3 Qxc3+ 39. Nc2 b5 {[%emt 0:01:48] [#]} (39... Qc4 $142 40. Rxf3 Qxe4) 40. e5 $1 {[%emt 0:00:33][%cal Be4e5,Be5e6,Be6e7][%mdl 32] And now e6 would win.} g6 (40... Qc4 41. Rxf3) 41. Rg1 Kh7 42. Rf7+ {[%emt 0:00:12] White mates.} Kh6 43. e6 Qc5 44. Re1 f2 {[%emt 0:00:29] [#]} 45. Rxf2 $3 Qxf2 (45... b4 46. e7) 46. e7 Qf4+ 47. Kb1 {[%emt 0:00:53] Weighted Error Value: White=0.12 (very precise) /Black=0.47.  Mistake:       	White=1     	Black=5      Inaccurate:     	White=2     	Black=2      OK:         	White=10    	Black=8      Best:        	White=4     	Black=3      Strong:       	White=1     	Black=4      Brilliant:      	White=2     	---} 1-0

[Event "American Cup Open Champions 2024"]
[Site "Saint Louis"]
[Date "2024.03.12"]
[Round "1.1"]
[White "Aronian, Levon"]
[Black "Sevian, Samuel"]
[Result "1/2-1/2"]
[ECO "A20"]
[WhiteElo "2722"]
[BlackElo "2697"]
[Annotator "TA"]
[PlyCount "75"]
[EventDate "2024.03.11"]
[EventType "k.o."]
[EventCountry "USA"]
[SourceTitle "playchess.com"]
[Source "ChessBase"]
[SourceQuality "1"]
[TimeControl "5400+30"]

1. c4 e5 2. g3 Nf6 3. Bg2 d5 4. cxd5 Nxd5 5. Nf3 Nc6 6. O-O Be7 7. d4 e4 8. Ne5 f5 9. Nxc6 bxc6 10. Qc2 Bd7 11. Nc3 {[%emt 0:03:48] White is slightly better.} O-O 12. f3 exf3 13. Bxf3 Be6 14. Nxd5 Bxd5 15. Be3 (15. Bf4 $5) 15... Qd7 16. Rac1 Bd6 17. Bf4 Bxf4 18. Bxd5+ cxd5 19. Rxf4 Rf7 20. Qc6 Qxc6 21. Rxc6 $11 {[%emt 0:00:06][%mdl 4096] Endgame. KRR-KRR} Rb8 22. Rc2 Rb6 23. Rf3 c6 24. Kf2 Kf8 25. Rfc3 Rf6 26. Ra3 Rf7 27. Ke1 Ke8 28. Kd2 Kd8 29. Ra5 Rfb7 30. b3 Kd7 31. Kd3 Kd6 32. e3 g6 33. Kd2 Re7 34. Rc1 Rb8 35. Ra6 Rb6 36. Ra5 Rb8 37. Ra6 Rb6 38. Ra5 {[%emt 0:00:13] Weighted Error Value: White=0.10 (very precise) /Black=0.07 (flawless) .  Inaccurate:     	White=3     	Black=2      OK:         	White=7     	Black=15} 1/2-1/2

[Event "American Cup Open Champions 2024"]
[Site "Saint Louis"]
[Date "2024.03.12"]
[Round "1.2"]
[White "Sevian, Samuel"]
[Black "Aronian, Levon"]
[Result "1/2-1/2"]
[ECO "D85"]
[WhiteElo "2697"]
[BlackElo "2722"]
[Annotator "TA"]
[PlyCount "48"]
[EventDate "2024.03.11"]
[EventType "k.o."]
[EventCountry "USA"]
[SourceTitle "playchess.com"]
[Source "ChessBase"]
[SourceQuality "1"]
[TimeControl "900+10"]

1. c4 g6 2. d4 Nf6 3. Nc3 d5 4. cxd5 Nxd5 5. e4 Nxc3 6. bxc3 Bg7 7. Be3 c5 8. Nf3 Qa5 9. Qd2 Nc6 10. Rb1 a6 11. Rc1 cxd4 12. cxd4 Qxd2+ 13. Kxd2 e6 14. Bd3 O-O 15. Rc4 Rd8 16. Bg5 f6 17. Be3 Bd7 18. h4 Be8 19. Rb1 b5 20. Rc3 Bf8 21. Rcb3 {[%emt 0:01:31] Inhibits Bb4+.} Na5 22. Rc3 Nc6 23. Rcb3 {[%emt 0:00:01] Wards off Bb4+} Na5 24. Rc3 Nc6 {[%emt 0:00:02] Weighted Error Value: White=0.10 (very precise) /Black=0.08 (flawless) .  Inaccurate:     	White=2     	---        OK:         	White=6     	Black=2      Best:        	---       	Black=1} 1/2-1/2

[Event "American Cup Open Champions 2024"]
[Site "Saint Louis"]
[Date "2024.03.12"]
[Round "1.2"]
[White "Robson, Ray"]
[Black "Dominguez Perez, Leinier"]
[Result "1-0"]
[ECO "E53"]
[WhiteElo "2696"]
[BlackElo "2749"]
[Annotator "TA"]
[PlyCount "80"]
[EventDate "2024.03.11"]
[EventType "k.o."]
[EventCountry "USA"]
[SourceTitle "playchess.com"]
[Source "ChessBase"]
[SourceQuality "1"]
[TimeControl "900+10"]

1. d4 Nf6 2. c4 e6 3. Nc3 Bb4 4. e3 O-O 5. Nf3 c5 6. Bd3 d5 7. cxd5 exd5 8. dxc5 Nbd7 9. Bd2 Nxc5 {[%emt 0:00:02] Die Stellung ist ausgeglichen.} 10. Be2 Ne6 11. Qb3 Ba5 12. O-O d4 13. exd4 Nxd4 14. Nxd4 Qxd4 15. Rad1 Be6 16. Qb5 Qb4 (16... Bc7 {wäre vielleicht verwirrender.} 17. Rfe1 Qb6 18. Bf3 Rad8) 17. a3 Qxb5 18. Nxb5 Bxd2 19. Rxd2 Rad8 (19... h6 $11) 20. Rxd8 $16 Rxd8 21. Nxa7 Bb3 ({Viel schwächer wäre} 21... Rd2 $6 22. Rd1 Rxd1+ 23. Bxd1 $14) 22. Rc1 g6 23. Rc3 Be6 {[%emt 0:00:02] [#]} 24. Rd3 Re8 {[%emt 0:01:03] ...Bc4 ist eine echte Drohung.} 25. Kf1 Bc4 26. Rd2 Bxe2+ 27. Rxe2 {[%emt 0:00:02][%mdl 4096] Endspiel. KRN-KRN} Rd8 28. Ke1 {[%emt 0:00:17] Verhindert Rd1+.} Rd5 29. f3 Kf8 30. Rd2 Rc5 31. b4 Re5+ 32. Re2 (32. Kf2 $142) 32... Rd5 33. Rd2 Re5+ $1 34. Kf2 Nd5 35. Nc8 Nc3 36. Nb6 {[%emt 0:00:09] Droht Nd7+ und aus.} Kg7 37. h4 (37. a4 $18) 37... h5 (37... Re6 $16 38. Nc4 Rc6) 38. Nc4 ({Besser ist} 38. a4 $18) 38... Re6 {[%emt 0:00:10] [#]} (38... Re7 $16 {war angesagt.} 39. Nd6 Na4) 39. Rd7 $1 $18 Re2+ 40. Kf1 Kf6 {[%emt 0:00:30] Gewichteter Fehlerwert: Weiß=0.12 (sehr präzise) /Schwarz=0.14 (sehr präzise) .  Fehler:       	Weiß=3     	Schwarz=3     Ungenau:       	---       	Schwarz=1     OK:         	Weiß=12    	Schwarz=8     Bester:       	Weiß=3     	---        Stark:        	Weiß=1     	Schwarz=1} 1-0

[Event "American Cup Open Champions 2024"]
[Site "Saint Louis"]
[Date "2024.03.12"]
[Round "1.2"]
[White "Shankland, Sam"]
[Black "So, Wesley"]
[Result "0-1"]
[ECO "C67"]
[WhiteElo "2674"]
[BlackElo "2757"]
[Annotator "TA"]
[PlyCount "92"]
[EventDate "2024.03.11"]
[EventType "k.o."]
[EventCountry "USA"]
[SourceTitle "playchess.com"]
[Source "ChessBase"]
[SourceQuality "1"]
[TimeControl "900+10"]

1. e4 e5 2. Nf3 Nc6 3. Bb5 Nf6 4. O-O Nxe4 5. d4 Nd6 6. Bxc6 dxc6 7. dxe5 Nf5 8. Qxd8+ Kxd8 9. Nc3 Bd7 10. h3 h6 11. b3 Kc8 12. Bb2 b6 13. Rad1 a5 14. Rfe1 Bb4 15. a3 Bxc3 16. Bxc3 {[%emt 0:00:01] Die Stellung ist ausgeglichen.} Be6 17. g4 Ne7 18. Kh2 c5 {[%emt 0:00:17] ...a4 wäre nun fies.} 19. a4 Kb7 20. Bb2 b5 21. axb5 a4 22. Ra1 axb3 23. cxb3 Kb6 ({Günstiger ist} 23... Nd5 $15) 24. Ba3 $1 $11 Rhd8 25. Rec1 $1 Rd5 26. Kg3 (26. Rxc5 $2 Rxa3 27. Rxd5 Rxa1 $19) (26. Ng1 $11 {hält das Gleichgewicht.}) 26... Ng6 {[%emt 0:01:58] Schwarz steht aktiver.} (26... Kxb5 $6 27. Rxc5+ Kb6 28. Rxd5 Bxd5 29. e6 fxe6 30. Bb2 Rxa1 31. Bxa1 $16) (26... g5 $17) 27. h4 (27. Rxc5 $2 Rxa3 28. Rxd5 Rxa1 $19) 27... Rxa3 28. Rxa3 Rd3 $1 {[%emt 0:00:01][%cal Oe6d5] Weiss muss nun ...Bd5! beachten.} 29. Re1 $1 {[%emt 0:00:35] [#] Und jetzt Re3 wäre schön.} Nxh4 $1 30. Re3 ({Doch nicht} 30. Kxh4 Rxf3 31. Re3 Rxf2 $19) 30... Rxe3 31. fxe3 Nxf3 32. Kxf3 Kxb5 {[%emt 0:00:01][%mdl 4096] Endspiel. KR-KB} 33. e4 Kb4 34. Ra7 c6 35. Rb7+ Kc3 36. Rb6 Bxb3 37. Rxc6 Kd4 38. Kf4 Be6 {[%emt 0:00:02] ...c4 ist eine echte Drohung.} 39. Rd6+ Kc3 {[%emt 0:00:01] Zielt auf ...c4 ab.} 40. g5 hxg5+ 41. Kxg5 $2 (41. Ke3 $1 $11 {und Weiss muss sich keine Sorgen machen.}) 41... c4 42. Kf4 {[%emt 0:00:04] [#]} Kb2 $1 {[%emt 0:00:02] ( -> ...c3)} 43. Ke3 $2 (43. Rb6+ $19 Kc1 44. Ke3) 43... c3 {[%emt 0:00:08] Schwarz setzt Matt.} 44. Rb6+ Bb3 45. Rc6 g5 46. e6 fxe6 {[%emt 0:00:04] Gewichteter Fehlerwert: Weiß=0.43/Schwarz=0.09 (makellos) .  Verlustzug:     	Weiß=1     	---        Fehler:       	Weiß=2     	Schwarz=2     Ungenau:       	Weiß=2     	Schwarz=1     OK:         	Weiß=10    	Schwarz=16    Bester:       	Weiß=2     	Schwarz=3     Stark:        	Weiß=3     	Schwarz=2} ({Minderwertig wäre} 46... Bxe6 47. Kd3 $11) 0-1

[Event "American Cup Open Champions 2024"]
[Site "Saint Louis"]
[Date "2024.03.12"]
[Round "1.2"]
[White "Oparin, Grigoriy"]
[Black "Caruana, Fabiano"]
[Result "0-1"]
[ECO "D02"]
[WhiteElo "2671"]
[BlackElo "2804"]
[Annotator "TA"]
[PlyCount "88"]
[EventDate "2024.03.11"]
[EventType "k.o."]
[EventCountry "USA"]
[SourceTitle "playchess.com"]
[Source "ChessBase"]
[SourceQuality "1"]
[TimeControl "900+10"]

1. d4 d5 2. Nf3 Nf6 3. g3 Bf5 4. Nh4 Bg6 5. Bg2 c6 6. O-O {[%emt 0:00:21] D02: 1 d4 d5 2 Nf3 sidelines, including 2...Nf6 3 g3 and 2...Nf6 3 Bf4.} Nbd7 7. Nxg6 hxg6 8. c4 dxc4 $146 ({Predecessor:} 8... e6 9. Nc3 dxc4 10. e4 Qa5 11. h3 e5 12. d5 cxd5 13. exd5 Bd6 14. Qe2 Rc8 {1-0 Denayer,E (2245)-Fiebig,T (2453) BEL-chT 1011 2010 (3.3)}) 9. Qc2 e5 $1 10. Rd1 exd4 11. Rxd4 Bc5 12. Rxc4 Bb6 13. Bg5 Ne5 14. Rf4 $1 Qc7 15. Nc3 Nh7 ({Better is} 15... Nfd7 $11) 16. Rh4 $1 $14 O-O 17. Bf4 Qe7 18. Na4 Rfe8 19. Rd1 Nf6 20. Nxb6 axb6 21. a4 Qc5 22. Qxc5 (22. Qc1 {keeps more tension.} Neg4 23. Qxc5 bxc5 24. Bf3) 22... bxc5 23. h3 (23. b3 $14) 23... Ned7 ({Black should play} 23... Nc4 $1 $11 24. b3 Na5) 24. Be3 $14 Nb6 25. b3 (25. Bxc5 $14 Nxa4 26. Be3) 25... Rxe3 $1 $15 26. fxe3 g5 $1 27. Re4 $1 Nxe4 28. Bxe4 g6 29. Bd3 $1 Kg7 30. Rc1 Nd7 31. Kf2 Kf6 32. Be4 Ke7 33. Bf3 Rh8 34. e4 Kd6 ({But not} 34... Rxh3 $6 35. Bg4 Rh2+ 36. Kg1 $11) 35. Rd1+ Kc7 36. Rc1 Kb6 ({Of course not} 36... Rxh3 $6 37. Bg4 Rh2+ 38. Kg1 $11) 37. a5+ (37. Bg4 $17 Ne5 38. Kg2) 37... Kb5 $19 38. a6 bxa6 39. e3 Ne5 (39... Rxh3 40. Be2+ Kb4 41. Bxa6) 40. Be2+ Kb4 41. Ra1 $2 (41. Bxa6 Rxh3 (41... Kxb3 $2 42. Rxc5 f6 43. Kg2 $19) 42. Kg2) 41... Rxh3 $19 42. Rxa6 Kxb3 43. Ra5 Kb4 44. Ra7 c4 0-1

[Event "American Cup Open Champions 2024"]
[Site "Saint Louis"]
[Date "2024.03.13"]
[Round "1.3"]
[White "Sevian, Samuel"]
[Black "Aronian, Levon"]
[Result "1/2-1/2"]
[ECO "C54"]
[WhiteElo "2697"]
[BlackElo "2722"]
[Annotator "TA"]
[PlyCount "215"]
[EventDate "2024.03.11"]
[EventType "k.o."]
[EventCountry "USA"]
[SourceTitle "playchess.com"]
[Source "ChessBase"]
[SourceQuality "1"]
[TimeControl "5400+30"]

1. e4 e5 2. Nf3 Nc6 3. Bc4 Bc5 4. c3 Nf6 5. d3 O-O 6. Bg5 h6 7. Bh4 Be7 8. Nbd2 d6 {[%emt 0:00:22] The position is equal.} 9. a4 Nh7 10. Bg3 a5 11. h3 Ng5 12. Nxg5 Bxg5 13. Nf3 Bf6 14. Qb3 Rb8 15. O-O Qe7 16. Rfe1 Be6 17. Rad1 Bxc4 18. Qxc4 Qd7 19. Qb5 Rfd8 20. d4 exd4 21. cxd4 b6 22. b3 Nb4 23. Qe2 b5 24. e5 Be7 25. d5 bxa4 26. bxa4 Re8 27. Qc4 Rbc8 {[%emt 0:06:15] [#]} 28. e6 $1 fxe6 29. Rxe6 Rf8 30. Qg4 ({White should play} 30. Rde1 $16 Bf6 31. Bh4) 30... Rf7 $11 31. Bh4 (31. Rxh6 $2 Qxg4 32. hxg4 gxh6 $19) 31... Bf8 (31... Bf6 {simplifies} 32. Bxf6 Rxf6 33. Rxf6 Qxg4 34. hxg4 gxf6 35. Nd4 Kf7) 32. Rd4 {[%emt 0:00:26] Qh5 would now be deadly.} (32. Rxh6 $2 Qxg4 33. hxg4 gxh6 $19) 32... c5 33. dxc6 Nxc6 34. Rd5 Rf4 35. Qxf4 Qxe6 36. Qd2 Qe4 $1 37. Bg3 Qxa4 38. Bxd6 Qe4 {[%emt 0:01:08] Inhibits Qe2. Strongly threatening ...Rd8.} 39. Bxf8 Rxf8 40. Rc5 Rf6 41. Qa2+ Kh8 42. Rc1 Kh7 43. Re1 Qg6 44. Ne5 Nxe5 45. Rxe5 Ra6 (45... a4 $1 $11 {keeps the balance.}) 46. Rxa5 $16 Rxa5 47. Qxa5 {[%emt 0:00:01][%mdl 4096] Endgame. KQ-KQ} Qe6 48. g4 {[%emt 0:01:09] Qf5+ is the strong threat.} Qc6 49. Qf5+ Kh8 50. h4 Qa8 51. g5 (51. h5 $16) 51... Qe8 {[%emt 0:01:05] [#]} (51... Qa1+ $14 52. Kg2 hxg5) 52. g6 $1 Qa8 53. Kh2 Qb8+ 54. Kg2 Qd8 55. Qe4 Qc8 56. Kg3 Qb8+ 57. Kf3 Qf8+ 58. Ke2 Qb8 59. f4 (59. Kf1 $16) 59... h5 (59... Qb2+ $11 60. Kf1 Qa1+ 61. Kf2 Qb2+ 62. Kg3 Qc3+ (62... Qb3+ 63. Kh2 $11) 63. Kg4 Qc8+ 64. f5 Qc4) 60. f5 ({Better is} 60. Qe5 $16 Qxe5+ 61. fxe5) 60... Qh2+ 61. Kd3 Qg3+ 62. Qe3 Qb8 (62... Qd6+ 63. Ke4 $16) 63. Kc4 Qc8+ 64. Qc5 Qa8 65. Kb4 Qe4+ 66. Kb5 Qb7+ ({And not} 66... Qxh4 67. Qf8#) 67. Ka5 Qa8+ 68. Kb6 Qb8+ 69. Kc6 Qc8+ 70. Kb5 Qb7+ 71. Kc4 Qe4+ 72. Qd4 Qc2+ ({Worse is} 72... Qxf5 73. Qd8+) 73. Kb4 Qb1+ ({Stronger than} 73... Qxf5 74. Qd8+) 74. Kc3 Qb8 {[%emt 0:01:47] Repels Qd8+} 75. Qd7 Qa8 76. Kb4 Qe4+ 77. Kc5 Qa8 {[%emt 0:00:38] Prevents Qc8+} 78. Qc6 Qb8 79. Qf3 Qa7+ 80. Kd6 Qb8+ 81. Kd7 Qb5+ 82. Kc7 {[%emt 0:00:18] Qa8+ would kill now.} Qa5+ 83. Kd6 Qd8+ 84. Kc5 Qe7+ 85. Kc6 Qe8+ 86. Kc5 Qe7+ 87. Kc4 Qc7+ $1 88. Kd3 Qd6+ 89. Ke2 {[%emt 0:00:15] Intending Qa8+ and mate.} Qe5+ 90. Kf2 {[%emt 0:01:16] Threatening mate with Qa8+.} Qb2+ $1 91. Kg3 {[%emt 0:00:27] White wants to mate with Qa8+.} Qb8+ $1 92. Kh3 Qb3 93. Kg2 Qb2+ $1 94. Kg3 {[%emt 0:00:05] White threatens Qa8+ and mate.} Qb8+ $1 95. Kf2 Qb6+ 96. Qe3 Qb5 97. Kg3 Qb8+ 98. Kf3 Qd8 99. Qe4 Qb8 100. Qc6 Qg8 101. Ke3 {[%emt 0:01:16] Black must now prevent Qf3.} Qb8 102. Ke4 Qb4+ 103. Kd5 Qf8 {[%emt 0:00:18] Prevents Qe8.} 104. Qd7 Qa8+ 105. Kd6 Qa3+ 106. Ke6 Qf8 {[%emt 0:00:06] Wards off Qe8} 107. Qf7 {[%emt 0:00:40][%cal Rf7f8] Active counter play!} Qd6+ 108. Kxd6 {[%emt 0:00:02] Weighted Error Value: White=0.10 (very precise) /Black=0.13 (very precise) .  Missed win:     	White=1     	---        Mistake:       	White=4     	Black=3      Inaccurate:     	White=1     	Black=4      OK:         	White=26    	Black=34     Best:        	White=3     	Black=4      Strong:       	White=2     	Black=6} 1/2-1/2

[Event "American Cup Open Champions 2024"]
[Site "Saint Louis"]
[Date "2024.03.13"]
[Round "1.3"]
[White "Robson, Ray"]
[Black "Dominguez Perez, Leinier"]
[Result "1-0"]
[ECO "E48"]
[WhiteElo "2696"]
[BlackElo "2749"]
[Annotator "TA"]
[PlyCount "99"]
[EventDate "2024.03.11"]
[EventType "k.o."]
[EventCountry "USA"]
[SourceTitle "playchess.com"]
[Source "ChessBase"]
[SourceQuality "1"]
[TimeControl "5400+30"]

1. d4 Nf6 2. c4 e6 3. Nc3 Bb4 4. e3 O-O 5. Bd3 c5 6. Nge2 d5 7. cxd5 cxd4 8. exd4 Nxd5 9. a3 Ba5 10. O-O Nc6 11. Bc2 (11. Nxd5 {simplifies} exd5 12. Nf4 Bb6 13. Be3) 11... Bc7 12. Qd3 Qh4 13. h3 {[%emt 0:03:31][%cal Oc1g5] The position is equal.} Nf6 14. Be3 Rd8 15. Qd2 h6 16. f4 $36 {[%emt 0:02:49][%mdl 2048] White is more active.} Nd5 17. Bf2 Qf6 18. Rad1 Nxc3 (18... Bxf4 $2 19. Nxd5 exd5 20. Qxf4 $18) 19. bxc3 Ne7 20. g4 {[%emt 0:09:01][%cal Bg2g4,Bg4g5][%mdl 32] Bg3 is the strong threat.} Bd7 $2 {[%emt 0:03:47] [#]} (20... Nd5 $11 {and Black stays safe.}) 21. Bg3 $1 $18 {[%emt 0:03:14] Strongly threatening g5.} g6 22. g5 Qh8 {[%emt 0:02:11] [#]} 23. f5 $1 Bxg3 24. fxg6 Bd6 (24... Bh4 $16 25. Rxf7 Bxg5) 25. Rxf7 hxg5 26. Rh7 Qf6 {[%emt 0:00:05][%cal Od6h2] aiming for ...Bh2+!} 27. Rf7 {[%emt 0:00:03] The board is on fire.} (27. Rf1 $5 Nf5 $8 28. Rxf5 exf5 29. Bb3+ Be6 30. Bxe6+ Qxe6 31. Qxg5 Qxe2 32. Rh8+ Kg7 (32... Kxh8 33. Qh6+ Kg8 34. Qh7+ Kf8 35. Qf7#) 33. Rh7+ Kg8 34. Rh8+ Kg7 (34... Kxh8 35. Qf6+ Kg8 36. Qf7+ Kh8 37. Qh7#) 35. Rh7+ Kg8 $11) 27... Qh8 {[%emt 0:00:12] White stays focused until the end.} 28. Qxg5 Qxh3 {[%emt 0:02:14] [#]} (28... Nd5 $142) 29. Rh7 $1 Bh2+ 30. Kf2 Rf8+ 31. Ke1 Qf1+ ({Don't blunder} 31... Rf1+ $2 32. Kd2 Rxd1+ 33. Kxd1 (33. Bxd1 Qf5 $18) 33... Qf1+ 34. Kd2 $18) 32. Kd2 {[%emt 0:00:02][%cal Oh7h8] Intending Rh8+! and mate.} Bf4+ 33. Nxf4 Qxf4+ 34. Qxf4 Rxf4 35. Rxe7 Rf2+ 36. Kc1 Bc6 37. Rxe6 Rc8 38. Rd2 Rf3 (38... Bd5 $142) 39. c4 Rxa3 40. d5 Be8 41. Rde2 Bd7 42. Re7 Rd8 43. Rh2 {[%emt 0:00:51] Hoping for Reh7.} Rg3 44. Rhh7 {[%emt 0:00:37] Threatening mate with Rhg7+.} Bc8 45. Reg7+ Kf8 46. Rc7 (46. d6 $142 Rg1+ 47. Kb2 Rxd6 48. Rc7) 46... Kg8 47. g7 Rh3 {[%emt 0:01:20] [#]} 48. Rxc8 $1 Rxc8 49. Rxh3 {[%emt 0:00:05] White threatens Rh8+ and mate.} Rxc4 50. Rg3 {[%emt 0:00:26] Weighted Error Value: White=0.13 (very precise) /Black=0.40.  Loses game:     	---       	Black=1      Mistake:       	---       	Black=3      Inaccurate:     	White=1     	Black=2      OK:         	White=9     	Black=9      Best:        	White=7     	Black=4      Strong:       	White=2     	---        Brilliant:      	White=1     	---} 1-0